 Dungeon Crawl Stone Soup version 0.26-a0-651-gb41185065b (webtiles) character file.

Game seed: 12797977800558109527

11 looop the Skirmisher (level 2, 14/24 HPs)
             Began as a Demonspawn Fighter on Sept 29, 2020.
             Quit the game on level 1 of the Dungeon.
             The game lasted 00:00:30 (388 turns).

looop the Skirmisher (Demonspawn Fighter)            Turns: 388, Time: 00:00:31

Health: 14/24      AC:  7    Str: 16    XL:     2   Next: 17%
Magic:  2/2        EV:  6    Int:  9    God:
Gold:   0          SH:  8    Dex: 12    Spells: 1/1 levels left

rFire    . . .     SeeInvis .     - Unarmed
rCold    . . .     Faith    .   b - +0 kite shield
rNeg     . . .     Spirit   .   a - +0 scale mail
rPois    .         Reflect  .   (no helmet)
rElec    .         Harm     .   e - +0 cloak
rCorr    .         Rampage  .   (no gloves)
MR       .....                  (no boots)
Stlth    ..........             (no amulet)
HPRegen  0.08/turn              (no ring)
MPRegen  0.08/turn              (no ring)

@: no status effects
A: demonic guardian 1
a: no special abilities


You were on level 1 of the Dungeon.
You visited 1 branch of the dungeon, and saw 1 of its levels.

Inventory:

Armour
 a - a +0 scale mail (worn)
 b - a +0 kite shield (worn)
 e - a +0 cloak (worn)
Scrolls
 d - a scroll of identify {unknown}
 f - 2 scrolls of fog {unknown}
 g - 2 scrolls of enchant armour {unknown}
Potions
 c - a potion of might


   Skills:
 + Level 3.2 Fighting
 - Level 2.6 Armour
 - Level 2.6 Shields
 * Level 2.3 Unarmed Combat


You had one spell level left.
You didn't know any spells.
Your spell library was empty.

Dungeon Overview and Level Annotations

Branches:
Dungeon (1/15)

Altars:


Innate Abilities, Weirdness & Mutations

A weak demonic guardian rushes to your aid.


Message History

You block the dart slug's attack. You block the rat's attack.
You hit the dart slug but do no damage.
The dart slug is heavily wounded.
You block the dart slug's attack. The rat bites you but does no damage.
You hit the dart slug.
The dart slug is almost dead.
You block the rat's attack. The dart slug barely misses you.
You hit the dart slug but do no damage.
The dart slug is almost dead.
The rat bites you.
You hit the dart slug.
You kill the dart slug!
You block the rat's attack.
You hit the rat.
You kill the rat!
No target in view!
No target in view!
No target in view!
No target in view!
Are you sure you want to abandon this character and quit the game? (Confirm with "yes".)

##. .# ##.## ..
#..####.####.... ..##
#... ........... .....
#..# ##.####....
....(####..###.......)##
........................
....................>..#
......)................#
......)@...####.........
......†.†..# #.##.....#
).......?..# #.##......
............# #.##......
.##.........# #.##......
...........# #.##......
.##.......... .........#
.....................#
.........#


There were no monsters in sight!

Vanquished Creatures
  A dart slug (D:1)
  A leopard gecko (D:1)
  2 goblins (D:1)
  A bat (D:1)
  3 kobolds (D:1)
  A rat (D:1)
9 creatures vanquished.

Notes
Turn   | Place    | Note
-------+----------+-------------------------------------------
     0 | D:1      | looop the Demonspawn Fighter began the quest for the Orb.
     0 | D:1      | Reached XP level 1. HP: 18/18 MP: 1/1
   380 | D:1      | Gained mutation: A weak demonic guardian rushes to your
                  | aid. [demonic ancestry]
   380 | D:1      | Reached XP level 2. HP: 21/24 MP: 2/2
   388 | D:1      | Quit the game

Illustrated notes

Levels and vault maps discovered:
D:1:      saegor_arrival_simple_a, layout_basic

Skill      XL: |  1 |
---------------+----+-----
Unarmed Combat | 2 |  2.3
Fighting       | |  3.2
Armour         | |  2.6
Shields        | |  2.6

Action                   || total
-------------------------++-------
Melee: Unarmed           ||    35
Armor: Scale mail        ||    21
Dodge: Dodged            ||    12
Block: Kite shield       ||    23

Table legend: (Time is in decaauts)
 A = Elapsed time spent in this place.
 B = Non-inter-level travel time spent in this place.
 C = Inter-level travel time spent in this place.
 D = Time resting spent in this place.
 E = Time spent auto-exploring this place.
 F = Levels seen in this place.
 G = Mean time per level.
                   A        B        C        D        E       F      G
               +--------+--------+--------+--------+--------+-----+--------+
         Total |    389 |    389 |      0 |      0 |    312 |   1 |  389.0 |
       Dungeon |    389 |    389 |      0 |      0 |    312 |   1 |  389.0 |
               +--------+--------+--------+--------+--------+-----+--------+

Top non-repeatable levels by time:
     D:1: 389 daAuts
